 Dungeon Crawl Stone Soup version 0.19-a0-1899-g2d93087 (webtiles) character file.

23 Naow the Sneak (level 2, 0/13 HPs)
             Began as a Spriggan Enchanter on Oct 20, 2016.
             Slain by a hobgoblin (4 damage)
             ... on level 1 of the Dungeon.
             The game lasted 00:00:55 (642 turns).

Naow the Sneak (Spriggan Enchanter)                  Turns: 642, Time: 00:00:56

Health: 0/13       AC:  3    Str:  4    XL:     2   Next: 75%
Magic:  7/7        EV: 19    Int: 16    God:
Gold:   27         SH:  0    Dex: 16    Spells: 2 memorised, 4 levels left

rFire  . . .     SeeInvis +     a - +1 dagger
rCold  . . .     Gourm    .     b - +1 robe
rNeg   . . .     Faith    .     (shield restricted)
rPois  .         Spirit   .     (helmet restricted)
rElec  .         Reflect  .     (no cloak)
rCorr  .         Harm     .     (gloves unavailable)
MR     .....                    (boots unavailable)
Stlth  +++.......               (no amulet)
                                (no ring)
                                (no ring)

@: very quick
A: unfitting armour, see invisible, herbivore 3, speed 3, slow metabolism 2
a: no special abilities


You were on level 1 of the Dungeon.
You were not hungry.

You visited 1 branch of the dungeon, and saw 1 of its levels.

You collected 27 gold pieces.

Inventory:

Hand Weapons
 a - a +1 dagger (weapon)
Armour
 b - a +1 robe (worn)
Scrolls
 e - a scroll of remove curse {unknown}
 f - a scroll of fog {unknown}
 i - a scroll of enchant weapon {unknown}
Potions
 g - a potion of curing {unknown}
 h - a potion of ambrosia {unknown}
Books
 c - a book of Maledictions

   Spells                             Type                      Level
   a - Corona                         Hexes                        1
   b - Ensorcelled Hibernation        Hexes/Ice                    2
   c - Confuse                        Hexes                        3
   d - Tukima's Dance                 Hexes                        3
   e - Dazzling Spray                 Conjuration/Hexes            3
Comestibles
 d - a bread ration


   Skills:
 + Level 1.7 Short Blades
 + Level 3.4 Dodging
 + Level 4.6 Stealth
 + Level 3.0 Spellcasting
 + Level 4.0 Hexes


You had 4 spell levels left.
You knew the following spells:

 Your Spells              Type           Power        Failure   Level  Hunger
a - Corona                Hex            ###....      4%          1    #......
b - Ensorcelled Hibernat  Hex/Ice        #.....       14%         2    ##.....


Dungeon Overview and Level Annotations

Branches:
Dungeon (1/15)

Altars:


Innate Abilities, Weirdness & Mutations

You are very small and have problems with some larger weapons.
You are too small for most types of armour.
You have supernaturally acute eyesight. (SInv)
You are a herbivore.
You cover ground extremely quickly.
You need consume almost no food.


Message History

The giant cockroach is heavily wounded.
The giant cockroach bites you but does no damage.
The hobgoblin barely misses you. The giant cockroach bites you.
You hit the giant cockroach but do no damage.
The giant cockroach is heavily wounded.
The bat misses you. The hobgoblin closely misses you.
The bat hits you but does no damage.
The giant cockroach completely misses you.
You closely miss the giant cockroach.
The giant cockroach is heavily wounded.
The bat hits you but does no damage. The bat closely misses you.
The hobgoblin hits you. The giant cockroach barely misses you.
You hit the giant cockroach.
The giant cockroach is severely wounded.
The bat barely misses you. The hobgoblin misses you.
The giant cockroach closely misses you.
You hit the giant cockroach but do no damage.
The giant cockroach is severely wounded.
The bat barely misses you. The hobgoblin hits you.
You die...

..... .# .... .# .#
####.?.##.## #.##
........... .....
........##.#.##
..##...#.......!# #
..
...^..s....#....#.#
..
......g@b.......#.#.
..
.......#...#........
..##.....%..........
#..##..........##
...................
.....###..#.#....#
...#..###..#.#....#
..................#
. ........##.#..#


You could see a giant cockroach, a hobgoblin and a bat.

Vanquished Creatures
  An ooze (D:1)
  A dart slug (D:1)
  A giant cockroach (D:1)
  2 hobgoblins (D:1)
  5 bats (D:1)
  3 frilled lizards (D:1)
  2 goblins (D:1)
  2 kobolds (D:1)
  A rat (D:1)
18 creatures vanquished.

Notes
Turn   | Place    | Note
-------+----------+-------------------------------------------
     0 | D:1      | Naow the Spriggan Enchanter began the quest for the Orb.
     0 | D:1      | Reached XP level 1. HP: 9/9 MP: 5/5
   360 | D:1      | Reached XP level 2. HP: 11/13 MP: 6/6
   375 | D:1      | Learned a level 2 spell: Ensorcelled Hibernation
   642 | D:1      | Slain by a hobgoblin

Vault maps used:
D:1:      wheals_arrival_linesprint, hangedman_feature_mirror, minmay_quantized

Skill      XL: |  1  2 |
---------------+-------+-----
Spellcasting   | 3 |  3.0
Hexes          | 4 |  4.0
Short Blades   | |  1.7
Dodging        | |  3.4
Stealth        | |  4.6

Action                   || total
-------------------------++-------
Melee: Dagger            ||    90
 Stab: Sleeping          ||     5
Armor: Robe              ||    14
Dodge: Dodged            ||   104
